 Dungeon Crawl Stone Soup version 0.26.0-18-gc5c842f807 (webtiles) character file.

Game seed: 17295354077146862873

63 kaeus the Firebug (level 4, -2/24 HPs)
             Began as a Gargoyle Fire Elementalist on Jan 23, 2021.
             Slain by Crazy Yiuf
             ... wielding a +2 quarterstaff of chaos
              (4 damage)
             ... on level 3 of the Dungeon.
             The game lasted 00:04:25 (2715 turns).

kaeus the Firebug (Gargoyle Fire Elementalist)      Turns: 2715, Time: 00:04:26

Health: -2/24      AC:  6    Str: 11    XL:     4   Next: 9%
Magic:  6/7        EV: 12    Int: 17    God:
Gold:   71         SH:  0    Dex: 16    Spells: 7/8 levels left

rFire    . . .     SeeInvis .   a - +0 dagger (freeze)
rCold    + . .     Faith    .   (no shield)
rNeg     + . .     Spirit   .   m - +0 leather armour
rPois    ∞         Reflect  .   (no helmet)
rElec    +         Harm     .   (no cloak)
rCorr    .         Rampage  .   (no gloves)
Will     .....                  (no boots)
Stlth    ++........             (no amulet)
HPRegen  0.08/turn              c - ring of protection from cold
MPRegen  0.10/turn              i - +6 ring of dexterity

@: brilliant
A: negative energy resistance 1, electricity resistance, unbreathing,
petrification resistance, miasma immunity, AC +3
a: no special abilities


You were on level 3 of the Dungeon.
You visited 1 branch of the dungeon, and saw 3 of its levels.

You collected 71 gold pieces.

Inventory:

Hand Weapons
 a - a +0 dagger of freezing (weapon)
Armour
 m - a +0 leather armour (worn)
Jewellery
 c - a ring of protection from cold (left hand)
 i - a +6 ring of dexterity (right hand)
Wands
 o - a wand of random effects (14)
Scrolls
 d - 2 scrolls of remove curse
 e - a scroll of teleportation
 g - 2 scrolls of identify
 h - a scroll of enchant weapon {unknown}
 l - a scroll of amnesia {unknown}
 q - a scroll of blinking {unknown}
Potions
 b - a potion of heal wounds {unknown}
 f - a potion of berserk rage {unknown}
 k - a potion of degeneration {unknown}
 n - a potion of mutation {unknown}
 p - a potion of haste {unknown}


   Skills:
 - Level 1.5 Dodging
 - Level 2.1 Stealth
 + Level 2.5 Spellcasting
 + Level 2.2 Conjurations
 * Level 4.0 Fire Magic


You had 7 spell levels left.
You knew the following spells:

 Your Spells              Type           Power        Failure   Level
a - Foxfire               Conj/Fire      76%          7%          1

Your spell library contained the following spells:

 Spells                   Type           Power        Failure   Level
 Conjure Flame            Conj/Fire      19%          21%         3
 Inner Flame              Hex/Fire       13%          30%         3
 Sticky Flame             Conj/Fire      19%          54%         4
 Fireball                 Conj/Fire      9%           88%         5


Dungeon Overview and Level Annotations

Branches:
Dungeon (3/15)

Altars:
Okawaru
Qazlal

Annotations:
D:3 Crazy Yiuf


Innate Abilities, Weirdness & Mutations

You are resistant to torment.
Your stone body is resilient. (AC +3)
You are immune to poison.
You resist negative energy. (rN+)
You are resistant to electric shocks. (rElec)
You can survive without breathing.
You are immune to petrification.
You are immune to miasma.


Message History

Crazy Yiuf whimpers, "Mountain mobile leg!"
Casting: Foxfire (safe; 7% risk of failure)
Confirm with . or Enter, or press ? or * to list all spells.
You conjure some foxfire!
Crazy Yiuf grits, "Action ragdoll high!"
Crazy Yiuf misses you.
You now have 6/7 mp.
You barely miss Crazy Yiuf.
The foxfire hits Crazy Yiuf but does no damage.
The foxfire hits Crazy Yiuf.
Crazy Yiuf is lightly wounded.
Crazy Yiuf hits you with a +2 quarterstaff of chaos!
* * * LOW HITPOINT WARNING * * *
Crazy Yiuf burns you.
* * * LOW HITPOINT WARNING * * *
You take 11 damage, and have 2/24 hp.
MASSIVE DAMAGE!!
It was a potion of brilliance.
You feel clever all of a sudden.
Crazy Yiuf hits you with a +2 quarterstaff of chaos.
You die...

###### ##....#
##...###
########......#
..............##♣♣
###
.#######.......#.♣♣
♣♣#..)# .#
##......§@g♣♣♣♣.'...#
.#
##.##..§...♣..♣#...#
## #.###.#..♣.♣♣♣ ###
### #....##♣♣♣♣♣ ..#
###### #.# ..## #..#
#..#


You could see Crazy Yiuf.

Vanquished Creatures
  An adder (D:3)
  A worm (D:2)
  A dart slug (D:1)
  A leopard gecko (D:2)
  2 orcs (D:3)
  2 giant cockroaches (D:1)
  2 goblins
  9 hobgoblins
  2 jackals (D:3)
  2 quokkas (D:2)
  6 bats
  5 frilled lizards
  4 kobolds
  5 rats
43 creatures vanquished.

Vanquished Creatures (others)
  121 foxfires
121 creatures vanquished.

Grand Total: 164 creatures vanquished

Notes
Turn   | Place    | Note
-------+----------+-------------------------------------------
     0 | D:1      | kaeus the Gargoyle Fire Elementalist began the quest for
                  | the Orb.
     0 | D:1      | Reached XP level 1. HP: 10/10 MP: 3/3
   193 | D:1      | Reached XP level 2. HP: 7/15 MP: 1/5
  1387 | D:2      | Reached XP level 3. HP: 19/19 MP: 2/6
  2583 | D:3      | Found an iron altar of Okawaru.
  2593 | D:3      | Reached skill level 4 in Fire Magic
  2593 | D:3      | Reached XP level 4. HP: 24/24 MP: 3/7
  2638 | D:3      | Found a stormy altar of Qazlal.
  2638 | D:3      | Noticed an earth elemental
  2639 | D:3      | Noticed a fire elemental
  2639 | D:3      | Noticed a water elemental
  2639 | D:3      | Noticed an air elemental
  2698 | D:3      | Found a runed translucent door.
  2699 | D:3      | Noticed Crazy Yiuf
  2715 | D:3      | Slain by Crazy Yiuf

Illustrated notes

Levels and vault maps discovered:
D:1:      dpeg_arrival_boxorama, layout_loops_ring, minmay_crystal_water
D:2:      layout_rooms
D:3:      layout_loops_ring, nicolae_overflow_crystal_walls, st_stairs_10,
          nicolae_qazlal_style_of_elements, uniq_crazy_yiuf_cottage

Skill      XL: |  1  2  3 |
---------------+----------+-----
Conjurations   | 2 |  2.2
Fire Magic     | 4 |  4.0
Dodging        | |  1.5
Stealth        | |  2.1
Spellcasting   | |  2.5

Action                   |  1- 3 |  4- 6 || total
-------------------------+-------+-------++-------
Melee: Unarmed           |    17 |       ||    17
       Dagger            |    50 |     5 ||    55
 Cast: Foxfire           |    85 |     1 ||    86
  Use: Scroll            |     3 |       ||     3
       Potion            |       |     1 ||     1
 Stab: Sleeping          |     1 |       ||     1
Armor: Robe              |    11 |       ||    11
       Leather armour    |    14 |       ||    14
Dodge: Dodged            |    28 |     2 ||    30
